 Dungeon Crawl Stone Soup version 0.19-a0-45-g2c295ea (webtiles) character file.

11607 jyri the Jinx (level 11, -2/68 HPs)
             Began as a Vampire Enchanter on May 5, 2016.
             Was a Priest of Dithmenos.
             Killed from afar by an electric eel (14 damage)
             ... with a bolt of electricity
             ... on level 11 of the Dungeon.
             The game lasted 01:49:05 (17331 turns).

jyri the Jinx (Vampire Enchanter)                  Turns: 17331, Time: 01:49:06

Health: -2/68      AC: 10    Str:  2 (7)  XL:     11   Next: 51%
Magic:  21/28      EV:  7    Int: 18 (20) God:    Dithmenos [***...]
Gold:   644        SH:  4    Dex: 21 (24) Spells: 3 memorised, 15 levels left

rFire  . . .     SeeInvis +     W - +2 rapier (elec)
rCold  + . .     Gourm    .     H - +1 ring mail of Mental Paralysis {Dex+4}
rNeg   + . .     Faith    .     C - +0 buckler
rPois  +         Spirit   .     J - +0 helmet
rElec  .         Dismiss  .     A - +0 cloak
rCorr  .         Reflect  .     (no gloves)
SustAt .         Harm     .     B - +1 pair of boots
MR     ++...                    (no amulet)
Stlth  ++++++....               G - ring of Lies {rPois rC+ MR+ Dex+4}
                                w - ring of magical power

@: about to teleport, wreathed by umbra, very resistant to hostile enchantments,
very stealthy
A: fangs 3, see invisible, deterioration 1, unbreathing
a: Bat Form, Shadow Step, Renounce Religion


You were on level 11 of the Dungeon.
You worshipped Dithmenos.
Dithmenos was most pleased with you.
You were not thirsty.

You visited 2 branches of the dungeon, and saw 13 of its levels.

You collected 740 gold pieces.
You spent 96 gold pieces at shops.

Inventory:

Hand Weapons
 a - a +1 dagger
 x - a +2 rapier of venom
 z - a +2 quarterstaff of chaos
 D - the +7 glaive "Qouseeza" {drain, +Fly rN+ Stlth+, unknown}
   (You found it on level 5 of the Dungeon)

   A truly terrible weapon, it drains the life of those it strikes.
   It protects you from negative energy.
   It lets you fly.
   It makes you more stealthy.
 N - a +1 shortbow of evasion
 W - a +2 rapier of electrocution (weapon)
Missiles
 O - 92 arrows
Armour
 b - a +1 robe
 A - a +0 cloak (worn)
 B - a +1 pair of boots (worn)
 C - a +0 buckler (worn)
 F - the +9 chain mail of the Accordion {*Contam +Blink Regen+ Stlth-}
   (You found it on level 7 of the Dungeon)

   It lets you blink.
   It causes magical contamination when unequipped.
   It increases your rate of regeneration.
   It makes you less stealthy.
 H - the +1 ring mail of Mental Paralysis (worn) {Dex+4}
   (You found it on level 7 of the Dungeon)

   It affects your dexterity (+4).
 J - a +0 helmet (worn)
 L - a +0 scale mail of cold resistance
Jewellery
 f - an uncursed ring of poison resistance
 w - a ring of magical power (left hand)
 y - an uncursed ring of positive energy
 E - an uncursed ring of teleportation
 G - the ring of Lies (right hand) {rPois rC+ MR+ Dex+4}
   (You found it on level 7 of the Dungeon)

   [ring of protection from magic]

   It affects your dexterity (+4).
   It protects you from cold.
   It protects you from poison.
   It affects your resistance to hostile enchantments.
 S - an uncursed amulet of dismissal
Wands
 n - a wand of disintegration (16/24)
 p - a wand of lightning (12/15)
 K - a wand of confusion (32/48)
Scrolls
 d - 4 scrolls of fog
 g - 3 scrolls of remove curse
 i - 3 scrolls of immolation
 j - 3 scrolls of amnesia {unknown}
 k - 2 scrolls of teleportation
 l - a scroll of blinking {unknown}
 o - 2 scrolls of magic mapping {unknown}
 q - 2 scrolls of recharging {unknown}
 s - a scroll of enchant armour {unknown}
 Q - 4 scrolls of enchant weapon
 R - a scroll of random uselessness {unknown}
Potions
 e - a potion of cure mutation
 h - 4 potions of lignification
 m - 5 potions of curing
 r - 2 potions of resistance
 u - 4 potions of mutation
 v - a potion of might {unknown}
 I - a potion of cancellation {unknown}
 M - a potion of brilliance {unknown}
 P - a potion of haste {unknown}
 V - 3 potions of flight
 X - a potion of agility {unknown}
Books
 c - a book of Maledictions

   Spells                             Type                      Level
   a - Corona                         Hexes                        1
   b - Ensorcelled Hibernation        Hexes/Ice                    2
   c - Confuse                        Hexes                        3
   d - Tukima's Dance                 Hexes                        3
   e - Dazzling Spray                 Conjuration/Hexes            3
 T - a book of the Warp

   Spells                             Type                      Level
   a - Recall                         Summoning/Translocation      3
   b - Gell's Gravitas                Hexes/Translocation          3
   c - Force Lance                    Conjuration/Translocation    4
   d - Warp Weapon                    Charms/Translocation         5
   e - Summon Forest                  Summoning/Translocation      5
 U - a Necronomicon

   Spells                             Type                      Level
   a - Haunt                          Necromancy/Summoning         7
   b - Borgnjor's Revivification      Necromancy                   8
   c - Death's Door                   Charms/Necromancy            8
   d - Necromutation                  Transmutation/Necromancy     8


   Skills:
 + Level 11.3 Short Blades
 - Level 5.2 Dodging
 - Level 9.3 Stealth
 + Level 5.8 Spellcasting
 * Level 13.9 Hexes
 - Level 6.6 Invocations


You had 15 spell levels left.
You knew the following spells:

 Your Spells              Type           Power        Failure   Level  Hunger
a - Corona                Hex            ######.      1%          1    None
b - Confuse               Hex            ######..     2%          3    ##.....
c - Ensorcelled Hibernat  Hex/Ice        ####..       28%         2    None


Dungeon Overview and Level Annotations

Branches:
Dungeon (12/15)            Temple (1/1) D:6            Lair (0/8) D:9
    Orc: D:9-12

Altars:
Cheibriados
Dithmenos
Fedhas
Gozag
Kikubaaqudgha
Makhleb
Nemelex Xobeh
Qazlal
Ru
Sif Muna
Trog
Vehumet
Yredelemnul
Zin

Shops:
D:6 *   D:11 :=

Annotations:
D:3 Grinder
D:4 Menkaure


Innate Abilities, Weirdness & Mutations

You have razor-sharp teeth.
You have supernaturally acute eyesight.
You can survive without breathing.
Your body sometimes deteriorates upon taking damage.


Message History

Okay, then.
The electric eel shoots out a bolt of lightning at you!
The bolt of electricity hits you!
The electric eel shoots out a bolt of lightning at you!
The bolt of electricity hits you!
* * * LOW HITPOINT WARNING * * *
Your body deteriorates!
You feel weakened. The bolt of electricity hits you!
* * * LOW HITPOINT WARNING * * *
As you read the scroll of teleportation, it crumbles to dust.
You feel strangely unstable.
The electric eel shoots out a bolt of lightning at you!
The bolt of electricity hits you!
* * * LOW HITPOINT WARNING * * *
Drink which item? (? for menu, Esc to quit)
Okay, then.
You feel better.
The electric eel shoots out a bolt of lightning at you!
The bolt of electricity hits you!
You die...

######################
#≈....≈.≈...≈.@≈.≈.≈≈.
#≈≈≈≈≈≈.≈≈≈≈;.≈≈≈≈≈≈≈≈
#≈≈♣♣♣≈.≈♣♣♣≈.≈♣♣♣≈.≈♣
#.≈♣ ♣≈.≈♣ ♣≈.≈♣ ≈≈♣
##≈≈♣♣♣≈.≈♣ ♣≈≈≈♣ ♣
#.≈≈≈≈≈≈≈≈≈≈≈≈.;≈≈
#.≈≈≈......≈≈.≈≈....
#..≈≈≈≈≈.≈≈≈≈≈.≈≈≈≈≈≈≈
#
#..≈♣♣♣≈≈≈♣♣♣≈.≈♣♣♣≈≈≈
.####


You could see 2 electric eels.

Vanquished Creatures
  Urug (D:10)
  2 unseen horrors
  2 hill giants
  A cyclops (D:11)
  2 centaur zombies
  2 gargoyles
  3 trolls
  A two-headed ogre (D:10)
  A shadow (D:8)
  4 yaks
  A wraith (D:10)
  A water elemental (D:11)
  2 wyverns
  A human (D:7)
  A hungry ghost (D:7)
  A hippogriff (D:8)
  A water moccasin (D:11)
  3 sky beasts
  3 ice beasts
  3 orc warriors
  4 black bears
  A necrophage (D:7)
  A phantom (D:6)
  5 centaurs
  6 ogres
  A crocodile (D:10)
  8 giant frogs
  5 scorpions
  9 killer bees (D:9)
  2 howler monkeys
  2 electric eels (D:11)
  4 crimson imps
  2 giant frog zombies
  A quasit (D:9)
  6 hounds
  2 jellies
  Crazy Yiuf (D:3)
  A giant frog skeleton (D:7)
  6 orc priests
  2 iguanas
  9 orc wizards
  4 worker ants
  4 sheep (D:7)
  A worker ant zombie (D:5)
  5 gnolls
  A howler monkey skeleton (D:8)
  13 adders
  2 shadow imps (D:8)
  2 adder skeletons
  An adder zombie (D:8)
  2 worms
  3 dart slugs (D:2)
  6 giant geckos
  36 orcs
  13 bats
  6 giant cockroaches
  9 goblins
  7 hobgoblins
  11 jackals
  4 quokkas
  A ball python (D:4)
  A giant gecko skeleton (D:5)
  2 giant newts (D:6)
  8 kobolds
  15 rats
  A spectral orc (D:9)
272 creatures vanquished.

Vanquished Creatures (others)
  A hound skeleton (D:4)
1 creature vanquished.

Grand Total: 273 creatures vanquished

Notes
Turn   | Place    | Note
--------------------------------------------------------------
     0 | D:1      | jyri the Vampire Enchanter began the quest for the Orb.
     0 | D:1      | Reached XP level 1. HP: 13/13 MP: 3/3
   698 | D:1      | Reached XP level 2. HP: 15/19 MP: 5/5
  1473 | D:1      | Reached skill level 5 in Hexes
  2074 | D:1      | Reached skill level 5 in Stealth
  2074 | D:1      | Reached XP level 3. HP: 13/24 MP: 6/6
  2297 | D:2      | Learned a level 3 spell: Confuse
  2332 | D:2      | Learned a level 2 spell: Ensorcelled Hibernation
  3133 | D:2      | Reached XP level 4. HP: 28/30 MP: 4/8
  4157 | D:3      | Reached skill level 6 in Hexes
  4633 | D:3      | Found a faded altar to an unknown god.
  4637 | D:3      | Noticed an ogre
  4661 | D:3      | Killed an ogre
  4661 | D:3      | Reached XP level 5. HP: 35/35 MP: 3/9
  4832 | D:3      | Noticed Grinder
  4993 | D:4      | Reached skill level 7 in Hexes
  5087 | D:4      | Noticed an ogre
  5097 | D:4      | Killed an ogre
  5097 | D:4      | Reached XP level 6. HP: 41/41 MP: 4/10
  5171 | D:4      | Noticed Menkaure
  5554 | D:3      | Paralysed by Grinder for 2 turns
  5677 | D:5      | Entered Level 5 of the Dungeon
  5677 | D:5      | Noticed an ice beast
  5728 | D:5      | HP: 1/41 [ogre/giant spiked club (18)]
  6105 | D:5      | Reached skill level 8 in Hexes
  6126 | D:5      | Noticed a sky beast
  6163 | D:5      | Killed a sky beast
  6163 | D:5      | Reached XP level 7. HP: 29/46 MP: 11/11
  6499 | D:5      | Found a sacrificial altar of Ru.
  6648 | D:5      | Reached skill level 9 in Hexes
  6708 | D:4      | Found a stormy altar of Qazlal.
  7158 | D:4      | Found a radiant altar of Vehumet.
  8091 | D:3      | Noticed Crazy Yiuf
  8098 | D:3      | Killed Crazy Yiuf
  8098 | D:3      | Reached skill level 10 in Hexes
  8240 | D:4      | Reached XP level 8. HP: 52/52 MP: 12/12
  8544 | D:5      | Got a smoking glaive
  8718 | D:6      | Reached skill level 5 in Dodging
  8843 | D:6      | Found a staircase to the Ecumenical Temple.
  8857 | Temple   | Entered the Ecumenical Temple
  8871 | Temple   | Became a worshipper of Dithmenos the Shadowed
  8890 | D:6      | Reached skill level 11 in Hexes
  8987 | D:6      | Found Wasmupea's Assorted Antiques.
  9033 | D:6      | Bought a potion of curing for 96 gold pieces
  9515 | D:7      | Found a glowing silver altar of Zin.
  9515 | D:7      | Found a burning altar of Makhleb.
  9516 | D:7      | Noticed a balrug
  9516 | D:7      | Noticed an angel
 10431 | D:7      | Got an ichor-stained chain mail
 10442 | D:7      | Identified the +9 chain mail of the Accordion {*Contam +Blink Regen+ Stlth-} (You found it on level 7 of the Dungeon)
 10462 | D:7      | Gained mutation: Your body sometimes deteriorates upon taking damage. [mutagenic glow]
 10728 | D:6      | Reached skill level 12 in Hexes
 10853 | D:7      | Reached XP level 9. HP: 52/57 MP: 10/14
 11263 | D:7      | Got a vibrating golden ring
 11269 | D:7      | Identified the ring of Lies {rPois rC+ MR+ Dex+4} (You found it on level 7 of the Dungeon)
 11394 | D:7      | Got a crude ring mail
 11405 | D:7      | Identified the +1 ring mail of Mental Paralysis {Dex+4} (You found it on level 7 of the Dungeon)
 11413 | D:8      | Reached * piety under Dithmenos
 11415 | D:8      | Reached skill level 5 in Short Blades
 12809 | D:8      | Found a deep blue altar of Sif Muna.
 12886 | D:8      | Reached skill level 13 in Hexes
 13035 | D:9      | Found a blossoming altar of Fedhas.
 13283 | D:9      | You fall through a shaft!
 13283 | D:10     | Entered Level 10 of the Dungeon
 13307 | D:10     | Noticed a hill giant
 13309 | D:10     | Killed a hill giant
 13309 | D:10     | Reached XP level 10. HP: 63/63 MP: 17/17
 13310 | D:10     | Noticed Urug
 13555 | D:11     | Noticed an unseen horror
 13630 | D:10     | Reached ** piety under Dithmenos
 13680 | D:10     | Noticed a gargoyle
 13965 | D:9      | Found a basalt altar of Yredelemnul.
 14016 | D:9      | Found a staircase to the Lair.
 14764 | D:9      | Noticed an unseen horror
 14785 | D:9      | Killed an unseen horror
 14785 | D:9      | Reached skill level 5 in Invocations
 15166 | D:10     | Reached skill level 10 in Short Blades
 15615 | D:10     | Reached XP level 11. HP: 58/68 MP: 18/18
 15870 | D:10     | Killed Urug
 16246 | D:11     | Found Muin Pothra's Jewellery Shop.
 16263 | D:11     | Noticed a hill giant
 16270 | D:11     | Killed a hill giant
 16270 | D:11     | Reached skill level 5 in Spellcasting
 16297 | D:11     | Found Cekawk's Book Shop.
 16402 | D:11     | Reached *** piety under Dithmenos
 16466 | D:11     | Killed an unseen horror
 17330 | D:11     | HP: 1/68 [electric eel/bolt of electricity (9)]
 17331 | D:11     | Killed from afar by an electric eel

Vault maps used:
D:1:      dpeg_arrival_solitude
D:3:      first_bread, ecumenical_altar_2, feat_on_display,
          uniq_crazy_yiuf_cottage, uniq_grinder
D:4:      grunt_qazlal_sundering, fiery_altar_vehumet, uniq_menkaure
D:5:      nicolae_ru_sacrificial_ziggurat, minmay_misc_feat_iff, st_stairs_1,
          roderic_batcave
D:6:      minmay_temple_entry_large_hall, serial_shops, nicolae_shop_statue_plus
D:7:      grunt_temple_overflow_order_and_chaos_2, grunt_livestock,
          minmay_misc_feat_five
D:8:      led_sif_book
D:9:      fedhas_bush_and_centaur_altar, yredelemnul_forgotten_temple_becter,
          lair_0_dummy
D:10:     uniq_urug
D:11:     serial_shops, shop, nicolae_shop_temple_entry_statues_fountains,
          kennysheep_little_box, kennysheep_boxes
D:12:     minmay_orc_entry_temple_small, serial_shops, shop_fountains, shop,
          shop_statue, hangedman_abyss_or_decor_stabs, interstate_on_off
Temple:   eino_temple_water_12

Skill      XL: |  1  2  3  4  5  6  7  8  9 10 11 |
---------------+----------------------------------+-----
Hexes          | 5 6 7 8 10 12 13 | 13.9
Stealth        | 5 6 7 8 9 |  9.3
Spellcasting   | 3 4 5 |  5.8
Dodging        | 3 5 |  5.2
Short Blades   | 4 8 10 11 | 11.3
Invocations    | 2 6 |  6.6

Action                   |  1- 3 |  4- 6 |  7- 9 | 10-12 || total
-------------------------+-------+-------+-------+-------++-------
Melee: Dagger            |   108 |   164 |    59 |       ||   331
       Bite              |     6 |    14 |    30 |    39 ||    89
       Rapier            |       |       |   260 |   274 ||   534
 Cast: Confuse           |     7 |    20 |    23 |    28 ||    78
       Ensorcelled Hiber |       |    17 |    90 |    39 ||   146
       Corona            |       |     2 |     2 |       ||     4
 Abil: End Transformatio |     1 |     1 |     7 |     2 ||    11
       Bat Form          |     1 |     1 |     7 |     2 ||    11
  Use: Scroll            |       |       |     7 |     7 ||    14
       Potion            |       |       |       |     2 ||     2
 Stab: Sleeping          |     3 |    17 |    74 |    35 ||   129
       Confused          |     3 |     9 |    14 |    19 ||    45
       Distracted        |       |     1 |     1 |     2 ||     4
  Eat: Corpse            |    10 |     8 |    27 |    11 ||    56
Armor: Robe              |    32 |    25 |    58 |       ||   115
       Ring mail         |       |       |    26 |    35 ||    61
Dodge: Dodged            |    62 |    84 |   206 |   116 ||   468
Block: Buckler           |       |       |    29 |    46 ||    75
